 Dungeon Crawl Stone Soup version 0.30-a0-591-g3c58d2bc28 (webtiles) character file.

Game seed: 8783203157104940912

6885 Citaku the Protected (level 10, 0/92 HPs)
             Began as a Minotaur Fighter on Jan 5, 2023.
             Was a High Priest of Okawaru.
             Slain by a killer bee (2 damage)
             ... summoned by an orange crystal statue
             ... on level 9 of the Dungeon.
             The game lasted 00:20:09 (9074 turns).

Citaku the Protected (Minotaur Fighter)             Turns: 9074, Time: 00:20:09

Health: 0/92       AC: 19    Str: 31      XL:     10   Next: 79%
Magic:  1/9        EV: 10    Int:  1 (5)  God:    Okawaru [*****.]
Gold:   436        SH:  0    Dex: 10      Spells: 9/9 levels left

rFire   . . .      SeeInvis .    i - +3 broad axe (freeze)
rCold   . . .      Faith    .    c - +0 buckler
rNeg    . . .      Spirit   .    b - +0 scale mail
rPois   .          Reflect  .    (helmet restricted)
rElec   .          Harm     .    f - +0 cloak
rCorr   .          Rampage  .    l - +1 pair of gloves
Will    .....                    r - +0 pair of boots Stlth
                                 (no amulet)
HPRegen 0.35/turn                y - +4 ring of protection
MPRegen 0.11/turn                v - +6 ring of strength

@: confused
A: horns 2, retaliatory headbutt
a: Renounce Religion, Heroism, Finesse, Duel


You were on level 9 of the Dungeon.
You worshipped Okawaru.
Okawaru was extremely pleased with you.
You visited 2 branches of the dungeon, and saw 10 of its levels.

You collected 586 gold pieces.
You spent 150 gold pieces at shops.

Inventory:

Hand Weapons
 i - a +3 broad axe of freezing (weapon)
Armour
 b - a +0 scale mail (worn)
 c - a +0 buckler (worn)
 f - a +0 cloak (worn)
 l - a +1 pair of gloves (worn)
 r - a +0 pair of boots (worn)
Jewellery
 e - a ring of see invisible
 v - a +6 ring of strength (right hand)
 y - a +4 ring of protection (left hand)
 z - a +6 ring of dexterity
Wands
 g - a wand of roots (10)
 p - a wand of paralysis (3)
Scrolls
 d - a scroll of silence
 j - 2 scrolls of poison
 k - 3 scrolls of vulnerability
 m - 2 scrolls of fear
 o - a scroll of magic mapping
 u - 3 scrolls of fog
 w - a scroll of blinking
 x - a scroll of amnesia {unknown}
 A - a scroll of identify
Potions
 a - 2 potions of cancellation {unknown}
 h - a potion of heal wounds
 n - 4 potions of flight
 q - 3 potions of mutation
 s - 2 potions of might
 t - 2 potions of resistance


   Skills:
 + Level 9.6 Fighting
 * Level 12.7 Axes
 * Level 12.9 Armour
 - Level 3.6 Shields


You had 9 spell levels left.
You didn't know any spells.
Your spell library contained the following spells:

 Spells                   Type           Power      Damage    Failure   Level
 Apportation              Tloc           0%         N/A       83%         1
 Sting                    Tmut/Pois      0%         1d3       83%         1
 Ensorcelled Hibernation  Hex/Ice        0%         N/A       93%         2
 Passwall                 Tmut/Erth      0%         N/A       93%         2
 Poisonous Vapours        Pois/Air       0%         N/A       93%         2
 Frozen Ramparts          Ice            0%         1d1       99%         3
 Stone Arrow              Conj/Erth      0%         3d7       99%         3
 Swiftness                Air            0%         N/A       99%         3
 Ice Form                 Ice/Tmut       0%         N/A       100%        4
 Olgreb's Toxic Radiance  Pois           0%         N/A       100%        4
 Alistair's Intoxication  Tmut/Pois      0%         N/A       100%        5
 Eringya's Noxious Bog    Tmut/Pois      0%         N/A       100%        6
 Lehudib's Crystal Spear  Conj/Erth      0%         10d2      100%        8
 Summon Small Mammal      Summ           Unusable   N/A       N/A         1
 Call Canine Familiar     Summ           Unusable   N/A       N/A         3
 Summon Guardian Golem    Hex/Summ       Unusable   N/A       N/A         3
 Animate Armour           Summ/Erth      Unusable   N/A       N/A         4
 Summon Ice Beast         Ice/Summ       Unusable   N/A       N/A         4
 Summon Forest            Summ/Tloc      Unusable   N/A       N/A         5
 Summon Hydra             Summ           Unusable   N/A       N/A         7

Dungeon Overview and Level Annotations

Branches:
Dungeon (9/15)             Temple (1/1) D:5            Lair (0/5) D:8
    Orc (0/2) D:9

Altars:
Ashenzari
Cheibriados
Dithmenos
Elyvilon
Fedhas
Hepliaklqana
Kikubaaqudgha
Makhleb
Nemelex Xobeh
Okawaru
Qazlal
Sif Muna
Trog
Uskayaw
Vehumet
Wu Jian
Xom
Zin
The Shining One

Shops:
D:5 !*[*!   D:6 (   D:8 :

Annotations:
D:9 exclusion: orange crystal statue


Innate Abilities, Weirdness & Mutations

You have a pair of horns on your head.
You reflexively headbutt those who attack you in melee.


Message History

The killer bee closely misses you. The centaur closely misses you. x2
The killer bee barely misses you.
The orange crystal statue glitters.
You are more confused.
The wyvern misses you. The wyvern attacks as you move away!
The wyvern bites you!
* * * LOW HITPOINT WARNING * * *
The killer bee attacks as you move away!
The killer bee stings you but does no damage.
The centaur hits you but does no damage.
The centaur barely misses you.
The killer bee stings you but does no damage.
The centaur barely misses you.
The centaur kicks you but does no damage.
You're too confused to move!
The killer bee stings you but does no damage.
The centaur hits you but does no damage.
The centaur kicks you but does no damage.
The killer bee misses you.
The orange crystal statue glitters topaz in the dim dungeon light.
The orange crystal statue glitters.
You bump into the rock wall.
The kobold shouts!
The kobold brigand shouts! x2; The kobold shouts! x5
The wyvern dissolves into shadows!
The kobold dissolves into shadows!
The kobold brigand dissolves into shadows! x2
The kobold dissolves into shadows! x2; The killer bee closely misses you.
The centaur hits you.
* * * LOW HITPOINT WARNING * * *
The centaur barely misses you. The killer bee barely misses you.
The centaur hits you but does no damage.
The centaur kicks you but does no damage.
The centaur attacks as you move away!
The centaur hits you but does no damage.
The centaur kicks you but does no damage.
The killer bee stings you but does no damage.
You bump into the rock wall.
The killer bee closely misses you. The centaur hits you.
* * * LOW HITPOINT WARNING * * *
The centaur barely misses you. The killer bee stings you.
You die...

#.... #.... #
#.... . ...###
.# ###.
#####.####. #
#..........
#..........
#@K........
#yc...K....
#.l...K....
###..K..8....
#/.....K.....
#.#.....K$...
#............
#.#..........
###.#..........


You could see an orange crystal statue, a kobold demonologist (summoned), a
wyvern (summoned), a kobold brigand (summoned), a centaur (summoned), a killer
bee (summoned) and 4 kobolds.

Vanquished Creatures
  A two-headed ogre (D:9)
  Amaemon (D:8)
  A manticore (D:7)
  An orange demon (D:8)
  2 shadows
  3 yaks (D:7)
  3 wyverns
  2 steam dragons
  An acid dragon (D:9)
  4 water moccasins
  A sky beast (D:7)
  An ice beast (D:6)
  A black bear (D:7)
  2 ogres
  4 orc warriors
  3 centaurs
  2 phantoms
  3 kobold brigands
  A gnoll sergeant (D:7)
  6 bullfrogs
  2 necrophages
  2 scorpions
  6 killer bees (D:7)
  An electric eel (D:8)
  5 howler monkeys
  2 hounds (D:4)
  2 jellies (D:5)
  An orc priest (D:8)
  A gnoll bouda (D:7)
  3 orc wizards
  An iguana (D:6)
  6 gnolls
  8 adders
  3 white imps
  2 ufetubi (D:5)
  5 dart slugs
  26 orcs
  11 ball pythons
  9 endoplasms
  5 giant cockroaches
  8 goblins
  8 hobgoblins
  7 jackals
  21 kobolds
  4 quokkas
  8 bats
  5 frilled lizards
  8 rats
  A spectral hobgoblin (D:5)
214 creatures vanquished.

Vanquished Creatures (collateral kills)
  An orc (D:5)
1 creature vanquished.

Vanquished Creatures (others)
  18 fungi
  5 plants (D:8)
23 creatures vanquished.

Grand Total: 238 creatures vanquished

Notes
Turn   | Place    | Note
-------+----------+-------------------------------------------
     0 | D:1      | Citaku the Minotaur Fighter began the quest for the Orb.
     0 | D:1      | Reached XP level 1. HP: 19/19 MP: 0/0
   133 | D:1      | Reached XP level 2. HP: 27/27 MP: 1/1
   409 | D:1      | Reached XP level 3. HP: 20/33 MP: 2/2
  1042 | D:2      | Reached XP level 4. HP: 34/40 MP: 3/3
  1103 | D:2      | Found a faded altar of an unknown god.
  1506 | D:2      | Reached skill level 5 in Armour
  2176 | D:3      | Reached XP level 5. HP: 36/47 MP: 4/4
  2578 | D:4      | Noticed a water moccasin
  2592 | D:4      | Killed a water moccasin
  2593 | D:4      | Reached skill level 5 in Axes
  2593 | D:4      | Reached XP level 6. HP: 49/55 MP: 5/5
  2818 | D:4      | Reached skill level 5 in Fighting
  3287 | D:5      | Entered Level 5 of the Dungeon
  3287 | D:5      | Found Fogguvibb's Assorted Antiques.
  3300 | D:5      | Bought an agate ring for 100 gold pieces
  3306 | D:5      | Identified a scroll of acquirement
  3309 | D:5      | Acquired a +2 broad axe of freezing
  3364 | D:5      | Found a staircase to the Ecumenical Temple.
  3407 | D:5      | Reached XP level 7. HP: 61/61 MP: 6/6
  3446 | D:5      | Found a hazy altar of Hepliaklqana.
  3471 | D:5      | Found Kiepsext's Armour Shoppe.
  3497 | D:5      | Found Lewkar's Distillery.
  3512 | D:5      | Bought a potion of heal wounds for 50 gold pieces
  3773 | D:5      | Found a burning altar of Makhleb.
  3773 | D:5      | Found a stormy altar of Qazlal.
  3809 | D:5      | Found Dyofios's Distillery.
  4051 | D:5      | Found Ygoph's Assorted Antiques.
  4511 | Temple   | Entered the Ecumenical Temple
  4541 | Temple   | Became a worshipper of Warmaster Okawaru
  4750 | D:6      | Found a hide-covered altar of Uskayaw.
  4811 | D:6      | Reached XP level 8. HP: 61/70 MP: 7/7
  4862 | D:6      | Found Ynkil's Antique Weapon Emporium.
  5030 | D:6      | Reached * piety under Okawaru
  5314 | D:6      | Found a white marble altar of Elyvilon.
  5668 | D:7      | Reached ** piety under Okawaru
  5672 | D:7      | Reached XP level 9. HP: 63/79 MP: 8/8
  5750 | D:7      | Noticed a manticore
  5759 | D:7      | Reached skill level 10 in Armour
  5763 | D:7      | Killed a manticore
  5764 | D:7      | Reached skill level 10 in Axes
  5766 | D:7      | Reached *** piety under Okawaru
  6520 | D:7      | Found a broken altar of Ashenzari.
  6963 | D:8      | Reached XP level 10. HP: 90/90 MP: 9/9
  7026 | D:8      | Found Rosmel's Book Boutique.
  7147 | D:8      | Found a shimmering altar of Xom.
  7273 | D:8      | Reached **** piety under Okawaru
  7292 | D:8      | Noticed Amaemon
  7311 | D:8      | Noticed an orange demon
  7323 | D:8      | Killed Amaemon
  7331 | D:8      | Killed an orange demon
  7835 | D:8      | Found a staircase to the Lair.
  8557 | D:9      | Found a staircase to the Orcish Mines.
  8668 | D:9      | Noticed a two-headed ogre
  8676 | D:9      | Killed a two-headed ogre
  8676 | D:9      | Reached ***** piety under Okawaru
  9047 | D:9      | Noticed an orange crystal statue
  9072 | D:9      | HP: 3/92 [centaur[an orange crystal statue] (5)]
  9074 | D:9      | Slain by a killer bee

Illustrated notes

Levels and vault maps discovered:
D:1:      eino_arrival_tree_alley, layout_loops_ring, minmay_small_reverse_x
D:2:      kennysheep_big_flooded_room, layout_basic,
          nicolae_ecumenical_snake_handling, minmay_diced_spiral
D:3:      layout_loops_cross, serial_rivers, chequers_serial_rivers_small_b,
          chequers_serial_rivers_micro_e, chequers_serial_rivers_small_3,
          chequers_serial_rivers_room_a, chequers_serial_rivers_marsh,
          chequers_serial_rivers_micro_a
D:4:      layout_basic, kennysheep_flooded_box
D:5:      layout_gridville, nicolae_hepliaklqana_monster_ancestors,
          mainiacjoe_overflow_divided_tiny, minmay_temple_entry_mini_moons,
          serial_shops, nicolae_stop_n_shop_1, shop, shop, kennysheep_mini, shop
D:6:      layout_loops_ring, mainiacjoe_overflow_chevrons,
          nicolae_uskayaw_murder_on_the_dancefloor, nicolae_stop_n_shop_2
D:7:      hangedman_cross_stitches, layout_rooms, nicolae_ashenzari_panopticon,
          dreamdust_gnoll_shepherd
D:8:      layout_basic, mainiacjoe_overflow_concentric_impassable,
          dpeg_oklobed_lair, serial_shops, shop_statue,
          dreamdust_princess_bridge, serial_bayou_pond_b, uniq_amaemon
D:9:      layout_small_grid, nicolae_gozag_zags_fifth_avenue, orc_david_3,
          serial_co_window_serial, co_window_corner_a, co_window_paths_b,
          co_window_paths_a, co_window_paths_a, co_window_of_opportunity_a,
          co_window_paths_b, co_window_paths_a, co_window_cross_1,
          co_window_paths_b, co_window_2corner, co_window_broadway_b,
          co_window_paths_c, co_window_of_opportunity_c, co_window_2corner,
          glass_columns_a, minivault_16, grunt_decor_arrowhead
Temple:   hellmonk_temple_two_chambers

Skill      XL: |  1  2  3  4  5  6  7  8  9 10 |
---------------+-------------------------------+-----
Armour         | 4 5 6 7 9 11 12 | 12.9
Axes           | 3 4 5 6 7 9 11 12 | 12.7
Fighting       | 4 5 6 7 8 9 |  9.6
Shields        | |  3.6

Action                   |  1- 3 |  4- 6 |  7- 9 | 10-12 || total
-------------------------+-------+-------+-------+-------++-------
Melee: War axe           |    57 |   145 |       |       ||   202
       Headbutt          |     5 |    21 |    26 |    16 ||    68
       Broad axe         |       |     1 |   166 |   109 ||   276
Evoke: Wand              |       |       |       |     1 ||     1
  Use: Scroll            |       |     8 |       |     8 ||    16
       Potion            |       |       |     9 |     7 ||    16
Armor: Scale mail        |    33 |    89 |    88 |   115 ||   325
       Skin              |       |       |       |     5 ||     5
Dodge: Dodged            |    37 |    83 |    83 |    77 ||   280
Block: Buckler           |    13 |    35 |    39 |    31 ||   118

Table legend: (Time is in decaauts)
 A = Elapsed time spent in this place.
 B = Non-inter-level travel time spent in this place.
 C = Inter-level travel time spent in this place.
 D = Time resting spent in this place.
 E = Time spent auto-exploring this place.
 F = Levels seen in this place.
 G = Mean time per level.
                   A        B        C        D        E       F      G
               +--------+--------+--------+--------+--------+-----+--------+
         Total |   9234 |   9234 |      0 |    743 |   6431 |  10 |  923.4 |
       Dungeon |   9194 |   9194 |      0 |    743 |   6431 |   9 | 1021.6 |
        Temple |     40 |     40 |      0 |      0 |      0 |   1 |   40.0 |
               +--------+--------+--------+--------+--------+-----+--------+

Top non-repeatable levels by time:
     D:7: 1445 daAuts
     D:8: 1395 daAuts
     D:5: 1307 daAuts
     D:2: 939 daAuts
     D:1: 919 daAuts
     D:9: 855 daAuts
     D:6: 821 daAuts
     D:3: 786 daAuts
     D:4: 724 daAuts
  Temple: 40 daAuts
